 Seeded DCSS version 0.31-a0-325-g067879e3d3 (webtiles) character file.

Game seed: 14215367866634240820 (custom seed)

56 innerfire43 the Chopper (level 3, -2/29 HPs)
             Began as a Demonspawn Monk on July 18, 2023.
             Slain by a gnoll
             ... wielding a +0 club
              (3 damage)
             ... on level 2 of the Dungeon.
             The game lasted 00:01:04 (1223 turns).

innerfire43 the Chopper (Demonspawn Monk)           Turns: 1223, Time: 00:01:05

Health: -2/29      AC:  2    Str: 13    XL:     3   Next: 69%
Magic:  3/3        EV: 13    Int: 11    God:
Gold:   55         SH:  0    Dex: 15    Spells: 2/2 levels left

rFire   . . .        a - +0 hand axe
rCold   . . .        d - orb {light}
rNeg    . . .        b - +0 robe
rPois   .            (no helmet)
rElec   .            (no cloak)
rCorr   .            (no gloves)
SInv    .            (no boots)
Will    .....        (no amulet)
Stlth   +            (no ring)
HPRegen 0.24/turn    (no ring)
MPRegen 0.08/turn

%: no passive effects
@: glowing
A: demonic guardian 1
a: no special abilities


You were on level 2 of the Dungeon.
You visited 1 branch of the dungeon, and saw 2 of its levels.

You collected 55 gold pieces.

Inventory:

Hand Weapons
 a - a +0 hand axe (weapon)
Missiles
 h - 2 silver javelins (quivered)
Armour
 b - a +0 robe (worn)
 d - an orb of light (worn)
 j - a +2 helmet
Scrolls
 e - a scroll of enchant weapon {unknown}
 f - a scroll of fog {unknown}
 i - a scroll of amnesia {unknown}
Potions
 c - 2 potions of ambrosia
 g - a potion of curing {unknown}


   Skills:
 - Level 3.0 Fighting
 * Level 3.8 Axes
 + Level 3.3 Dodging


You had 2 spell levels left.
You didn't know any spells.
Your spell library was empty.

Dungeon Overview and Level Annotations

Branches:
Dungeon (2/15)

Altars:


Innate Abilities, Weirdness & Mutations

A weak demonic guardian rushes to your aid.


Message History

Aim: a gnoll, wielding a +0 club (haloed, 80% to hit)
You throw a silver javelin.
The silver javelin barely misses the gnoll.
The silver javelin pierces through the gnoll!
The gnoll is severely wounded.
The silver javelin pierces through the gnoll.
The gnoll is heavily wounded.
The gnoll misses you.
The gnoll hits you from afar with a +0 spear.
* * * LOW HITPOINT WARNING * * *
A demonic guardian appears!
The gnoll closely misses your ufetubus. The gnoll barely misses your ufetubus.
The gnoll closely misses you. The gnoll misses you.
Throw: 4 javelins (silver)
Press: ? - help, Q - select action Shift-Dir - straight line, f/p - gnoll
Aim: a gnoll, wielding a +0 club (heavily wounded, haloed, 80% to hit)
You throw a silver javelin.
The silver javelin pierces through the gnoll but does no damage.
The gnoll is moderately wounded.
The silver javelin pierces through the gnoll!
You kill the gnoll!
The silver javelin pierces through the gnoll.
The gnoll is severely wounded.
Your ufetubus hits the gnoll but does no damage.
Your ufetubus hits the gnoll.
The gnoll hits your ufetubus with a +0 club. x2
Your ufetubus dies!
Your ufetubus disappears in a puff of smoke!
The gnoll shouts!
Throw: 3 javelins (silver)
Press: ? - help, Q - select action Shift-Dir - straight line, f/p - gnoll
Aim: a gnoll, wielding a +0 club (severely wounded, haloed, 80% to hit)
You throw a silver javelin.
The silver javelin pierces through the gnoll but does no damage.
The gnoll is severely wounded.
The silver javelin barely misses the gnoll.
The gnoll hits you with a +0 club!
* * * LOW HITPOINT WARNING * * *
The gnoll closely misses you. The gnoll hits you with a +0 club.
You die...

....... .(...
#####.....
#....##..##
#....##...#
###.....#.#.#
#.......#)#.##
#......ggg.#
##......@...#
##...........#
#
##......#####.#
## ###.......#
..#
.####...†#....#
.#
......#...#####
.#
...........##
#...........#
............#


You could see 3 gnolls.

Vanquished Creatures
  A gnoll (D:2)
  A dart slug (D:1)
  3 ball pythons (D:1)
  5 endoplasms
  A giant cockroach (D:1)
  3 goblins
  3 hobgoblins
  6 jackals (D:1)
  2 kobolds (D:1)
  4 quokkas (D:1)
  3 bats
  2 frilled lizards (D:1)
  2 rats (D:1)
36 creatures vanquished.

Vanquished Creatures (collateral kills)
  A goblin (D:1)
1 creature vanquished.

Grand Total: 37 creatures vanquished

Notes
Turn   | Place    | Note
-------+----------+-------------------------------------------
     0 | D:1      | innerfire43 the Demonspawn Monk began the quest for the
                  | Orb.
     0 | D:1      | Reached XP level 1. HP: 18/18 MP: 1/1
    50 | D:1      | Gained mutation: A weak demonic guardian rushes to your
                  | aid. [demonic ancestry]
    50 | D:1      | Reached XP level 2. HP: 6/24 MP: 2/2
   485 | D:1      | Reached XP level 3. HP: 27/29 MP: 3/3
  1223 | D:2      | HP: 1/29 [gnoll/+0 club (8)]
  1223 | D:2      | Slain by a gnoll

Illustrated notes

Levels and vault maps discovered:
D:1:      dpeg_arrival_castle, layout_basic, serial_forest,
          infiniplex_forest_straight_2, infiniplex_forest_straight_3,
          infiniplex_forest_clump_double, infiniplex_forest_lined_1,
          infiniplex_forest_clump_small, infiniplex_forest_straight_2,
          infiniplex_forest_lined_3_way
D:2:      layout_rooms

Skill      XL: |  1  2 |
---------------+-------+-----
Axes           | 3 |  3.8
Dodging        | 3 |  3.3
Fighting       | |  3.0

Action                     || total
---------------------------++-------
  Melee: Hand axe          ||    85
  Throw: Javelin           ||     3
 Armour: Robe              ||    13
  Dodge: Dodged            ||    83

Table legend: (Time is in decaauts)
 A = Elapsed time spent in this place.
 B = Non-inter-level travel time spent in this place.
 C = Inter-level travel time spent in this place.
 D = Time resting spent in this place.
 E = Time spent auto-exploring this place.
 F = Levels seen in this place.
 G = Mean time per level.
                   A        B        C        D        E       F      G
               +--------+--------+--------+--------+--------+-----+--------+
         Total |   1242 |   1174 |     68 |      0 |    990 |   2 |  621.0 |
       Dungeon |   1242 |   1174 |     68 |      0 |    990 |   2 |  621.0 |
               +--------+--------+--------+--------+--------+-----+--------+

Top non-repeatable levels by time:
     D:1: 1125 daAuts
     D:2: 116 daAuts
